Map: Bel'Shir Vestige LE (Void)

Players

Natiking

  • Race: Protoss Protoss
  • League: Diamond
  • Spawn Location: 5:00

Fimp - Winner!

  • Race: Terran Terran
  • Spawn Location: 11:00

VOD

Have the link to the VOD?

Description

Time

  • Played on: April 11, 2017, 5:54 p.m.
  • Length: 18:24
Show
View Real Time Build Order
Export as new Build Order

Natiking Protoss 

Build Orders:  

Get SALT Encoding   

  12  0:01  Probe (Chrono Boost)  
  13  0:11  Probe (Chrono Boost)  
  14  0:17  Pylon  
  14  0:22  Probe (Chrono Boost)  
  15  0:30  Assimilator  
  15  0:36  Probe (Chrono Boost)  
  16  0:47  Gateway  
  16  0:48  Probe (Chrono Boost)  
  17  0:58  Probe (Chrono Boost)  
  17  1:00  Pylon  
  18  1:09  Probe (Chrono Boost)  
  19  1:16  Gateway  
  19  1:20  Probe (Chrono Boost)  
  20  1:30  Probe (Chrono Boost)  
  21  1:34  Cybernetics Core  
  21  1:41  Probe (Chrono Boost)  
  22  1:51  Probe (Chrono Boost)  
  22  1:52  Gateway  
  23  1:56  Warp Gate  
  23  2:00  Assimilator  
  23  2:02  Probe (Chrono Boost)  
  23  2:04  Zealot  
  26  2:14  Probe (Chrono Boost)  
  27  2:19  Pylon  
  27  2:26  Zealot  
  29  2:31  Probe (Chrono Boost)  
  29  2:42  Robotics Facility  
  29  2:43  Probe (Chrono Boost)  
  30  2:52  Zealot  
  30  3:06  Stalker  
  32  3:16  Probe (Chrono Boost)  
  33  3:23  Stalker  
  36  3:28  Probe (Chrono Boost)  
  36  3:34  Pylon  
  36  3:37  Pylon  
  36  3:51  Gateway  
  36  3:52  Immortal  
  40  4:19  Robotics Bay  
  40  4:27  Sentry x2  
  40  4:28  Immortal  
  44  4:34  Probe (Chrono Boost)  
  49  4:40  Zealot  
  51  4:55  Stargate, Probe (Chrono Boost)  
  51  4:56  Zealot  
  53  5:02  Pylon  
  53  5:03  Pylon  
  53  5:07  Zealot  
  55  5:36  Nexus  
  45  6:26  Stalker x3, Colossus  
  45  6:27  Stalker  
  45  6:28  Void Ray  
  58  6:55  Probe (Chrono Boost)  
  58  6:58  Probe (Chrono Boost)  
  59  7:07  Robotics Facility, Probe (Chrono Boost)  
  60  7:10  Probe (Chrono Boost)  
  60  7:13  Pylon  
  61  7:19  Zealot, Probe (Chrono Boost)  
  61  7:20  Zealot  
  61  7:21  Probe (Chrono Boost)  
  67  7:39  Probe (Chrono Boost)  
  67  7:44  Assimilator  
  68  7:46  Assimilator  
  68  7:48  Zealot x4  
  68  7:50  Probe (Chrono Boost)  
  77  8:07  Forge  
  77  8:09  Immortal  
  81  8:13  Sentry x2  
  81  8:15  Probe (Chrono Boost)  
  86  8:27  Void Ray  
  90  8:40  Protoss Ground Weapons Level 1  
  90  8:49  Immortal  
  94  9:07  Pylon  
  94  9:08  Pylon  
  94  9:09  Pylon  
  87  9:24  Stalker  
  87  9:25  Stalker x2  
  88  9:39  Probe (Chrono Boost)  
  89  9:50  Probe (Chrono Boost)  
  58  10:22  Nexus  
  58  10:25  Pylon  
  45  10:56  Void Ray  
  37  10:59  Stalker x4  
  39  11:20  Gateway  
  39  11:22  Gateway  
  39  11:28  Probe (Chrono Boost)  
  40  11:36  Probe (Chrono Boost)  
  40  11:39  Probe (Chrono Boost)  
  43  11:47  Probe (Chrono Boost)  
  43  11:49  Probe (Chrono Boost)  
  44  11:57  Sentry x2, Probe (Chrono Boost)  
  44  11:58  Sentry x2  
  44  12:00  Probe (Chrono Boost)  
  54  12:06  Probe (Chrono Boost)  
  54  12:08  Probe (Chrono Boost)  
  56  12:11  Probe (Chrono Boost)  
  56  12:15  Void Ray  
  57  12:21  Probe (Chrono Boost)  
  62  12:31  Pylon  
  62  12:32  Probe (Chrono Boost)  
  62  12:36  Immortal  
  63  12:42  Probe (Chrono Boost)  
  68  12:51  Probe (Chrono Boost)  
  69  12:53  Probe (Chrono Boost)  
  69  12:57  Void Ray  
  75  13:06  Probe (Chrono Boost)  
  73  13:18  Probe (Chrono Boost)  
  71  13:32  Mothership Core (Chrono Boost)  
  73  13:35  Stalker x3  
  73  13:36  Stalker x2  
  80  14:03  Probe (Chrono Boost)  
  80  14:06  Stalker x2  
  80  14:07  Stalker x3  
  89  14:26  Stalker  
  89  14:29  Void Ray  
  95  14:34  Immortal  
  99  14:45  Probe (Chrono Boost)  
  100  14:56  Probe (Chrono Boost)  
  49  15:12  Void Ray  
  53  15:17  Stalker x2  
  53  15:18  Stalker x4  
  63  15:31  Nexus  
  63  15:33  Pylon  
  63  15:34  Pylon  
  63  15:40  Probe (Chrono Boost)  
  64  15:43  Assimilator  
  64  15:45  Assimilator  
  54  15:51  Probe (Chrono Boost)  
  54  15:52  Stalker x2  
  54  15:53  Stalker  
  51  16:06  Stalker x3  
  41  16:30  Probe (Chrono Boost)  
  40  16:34  Pylon  
  40  16:42  Probe (Chrono Boost)  
  40  16:43  Probe (Chrono Boost)  
  42  16:49  Void Ray  
  42  16:53  Probe (Chrono Boost)  
  48  16:54  Probe (Chrono Boost)  
  48  17:01  Probe (Chrono Boost)  
  48  17:04  Probe (Chrono Boost)  
  48  17:05  Probe (Chrono Boost)  
  48  17:06  Probe (Chrono Boost)  
  52  17:12  Probe (Chrono Boost)  
  52  17:13  Stalker x2  
  57  17:17  Probe (Chrono Boost)  
  57  17:18  Probe (Chrono Boost)  
  57  17:22  Probe (Chrono Boost)  
  60  17:29  Probe (Chrono Boost)  
  62  17:30  Probe (Chrono Boost)  
  62  17:32  Probe (Chrono Boost), Void Ray  
  67  17:40  Probe (Chrono Boost)  
  67  17:42  Probe (Chrono Boost)  
  67  17:43  Probe (Chrono Boost)  
  70  17:46  Forge  
  70  17:49  Forge  
  70  17:51  Probe (Chrono Boost)  
  71  17:52  Probe (Chrono Boost)  
  71  17:55  Mothership Core (Chrono Boost)  
  74  18:01  Probe (Chrono Boost)  
  74  18:02  Stalker  
  74  18:03  Stalker x3, Probe (Chrono Boost)  
Show
View Real Time Build Order
Export as new Build Order

Fimp Terran - Winner!

Build Orders: Reaper Expand 

Get SALT Encoding   

  12  0:01  SCV  
  13  0:14  SCV  
  14  0:21  Supply Depot  
  14  0:26  SCV  
  16  0:42  SCV  
  16  0:44  Barracks  
  16  0:52  Refinery  
  16  0:54  SCV  
  17  1:07  SCV  
  18  1:20  SCV  
  19  1:33  Orbital Command  
  19  1:37  Reaper  
  20  1:43  Command Center  
  20  2:02  SCV  
  20  2:07  Refinery  
  21  2:15  Barracks Reactor, SCV  
  22  2:17  Supply Depot  
  23  2:30  SCV  
  23  2:35  Factory  
  23  2:39  Barracks  
  23  2:42  SCV  
  24  2:56  SCV  
  25  3:15  Marine x2  
  25  3:17  SCV  
  25  3:19  Orbital Command  
  28  3:30  Barracks Tech Lab  
  28  3:32  Factory Reactor  
  28  3:35  Starport  
  28  3:36  SCV  
  29  3:45  Marine x2  
  29  3:48  SCV x2  
  33  4:04  Marine  
  33  4:05  Marine  
  33  4:08  SCV x2  
  36  4:13  Stimpack  
  36  4:24  Marine x2  
  36  4:25  Marauder  
  36  4:26  Factory Tech Lab  
  36  4:30  Bunker  
  40  4:33  Bunker  
  40  4:36  SCV  
  40  4:37  SCV  
  42  4:39  Medivac x2  
  46  4:46  Engineering Bay  
  46  4:47  Engineering Bay  
  46  4:54  Supply Depot  
  46  4:56  Supply Depot  
  46  5:16  Marauder, SCV x2, Marine x2  
  46  5:18  Siege Tank, Supply Depot  
  46  5:20  Refinery x2, Supply Depot  
  55  5:30  Medivac x2  
  55  5:35  Terran Infantry Weapons Level 1  
  59  5:37  Barracks  
  59  5:39  SCV x2  
  59  5:40  Marauder, Marine x2  
  49  6:05  Marine x3  
  49  6:06  Siege Tank  
  45  6:20  SCV  
  39  6:33  Marine x3  
  41  6:40  Liberator  
  41  6:51  Marine  
  41  6:54  Marauder, Marine  
  43  6:56  Siege Tank  
  50  7:09  Marine  
  50  7:12  Marine  
  50  7:14  Orbital Command  
  51  7:39  Marauder, Marine x2  
  51  7:40  Siege Tank  
  58  7:49  Barracks Reactor  
  58  7:55  Liberator  
  58  8:10  Marauder, Marine x2  
  65  8:15  SCV x2  
  67  8:24  Command Center  
  67  8:28  Marine x2  
  67  8:30  SCV x2  
  71  8:40  Supply Depot  
  71  8:44  Liberator  
  71  8:48  Marine x3  
  72  8:49  Marine  
  72  8:50  Marauder  
  77  9:00  SCV  
  77  9:01  SCV, Siege Tank  
  85  9:04  Supply Depot  
  85  9:14  Marine  
  86  9:18  Supply Depot  
  86  9:23  Terran Infantry Armor Level 1  
  86  9:25  Marine x3  
  86  9:26  Marauder, Armory  
  91  9:32  Marine  
  92  9:43  Marine  
  93  9:46  Liberator  
  93  9:47  Liberator  
  57  10:00  Marine x4  
  57  10:01  Marine  
  49  10:17  Marine  
  49  10:18  Marine x2  
  49  10:20  Cyclone  
  49  10:27  Marine x2  
  47  10:42  Marine x2  
  46  10:44  Marine  
  46  10:45  Marine  
  46  10:56  Marine  
  41  11:07  Orbital Command  
  38  11:30  Command Center  
  38  11:37  Barracks Reactor  
  38  11:39  Starport Reactor  
  38  11:43  Marine x3  
  41  11:49  SCV  
  41  11:53  SCV  
  43  12:02  SCV  
  43  12:05  SCV  
  45  12:10  Siege Tank  
  48  12:18  SCV x2  
  50  12:33  Marauder, Marine x2  
  50  12:34  Marine x2  
  50  12:36  Combat Shields  
  56  12:40  SCV  
  56  12:41  SCV  
  58  12:52  Marine x2  
  58  12:53  Marine x2  
  58  12:55  Siege Tank  
  65  12:58  Viking x2  
  65  12:59  SCV  
  65  13:00  SCV  
  65  13:01  Orbital Command  
  70  13:29  Liberator  
  70  13:42  Marauder, Marine x4  
  70  13:44  Siege Tank  
  78  14:00  Marine x2  
  72  14:03  Marauder  
  74  14:12  Marine  
  74  14:13  Marine  
  74  14:16  Siege Tank  
  79  14:18  Marine x2  
  78  14:25  Marauder, Viking  
  78  14:28  SCV  
  78  14:29  SCV  
  84  14:33  Marine x2  
  75  15:02  Marine x4  
  75  15:04  Marauder, Siege Tank  
  80  15:26  Marauder, Marine x3  
  80  15:27  Marine  
  86  15:41  Command Center  
  82  15:51  Marine x4  
  82  15:55  Command Center  
  86  16:06  Marine  
  86  16:08  Marine  
  85  16:17  Marine x3  
  81  16:24  Marine  
  79  16:26  Marine  
  80  16:35  Marine x2  
  80  16:39  Refinery  
  82  16:41  Refinery  
  82  17:12  SCV x2  
  84  17:16  Orbital Command  
  84  17:21  Orbital Command  
  84  17:24  SCV x2  
  86  17:36  SCV x2  
  88  17:48  SCV x2  
Tags
 
Add a new tag
Caveats
  • Supply blocks, unpowered buildings, or Contaminate may cause inaccurate times.
  • Supply counts are checked every 10 seconds.